 Dungeon Crawl Stone Soup version 0.20.1-1-g8b1a95d (webtiles) character file.

57 kaze the Skirmisher (level 4, 0/29 HPs)
             Began as a Gargoyle Fighter on Oct 3, 2017.
             Slain by an ooze (2 damage)
             ... on level 2 of the Dungeon.
             The game lasted 00:01:47 (1024 turns).

kaze the Skirmisher (Gargoyle Fighter)              Turns: 1024, Time: 00:01:48

Health: 0/29       AC: 12    Str: 25    XL:     4   Next: 0%
Magic:  4/4        EV:  6    Int:  9    God:
Gold:   37         SH:  9    Dex:  9    Spells: 3/3 levels left

rFire    . . .     SeeInvis .   a - +0 flail
rCold    . . .     Gourm    .   c - +0 shield
rNeg     + . .     Faith    .   p - +0 chain mail
rPois    ∞         Spirit   .   (no helmet)
rElec    +         Reflect  .   (no cloak)
rCorr    .         Harm     .   (no gloves)
MR       .....                  (no boots)
Stlth    ..........             (no amulet)
Regen    0.1/turn               (no ring)
MPRegen  0.1/turn               (no ring)

@: mighty
A: negative energy resistance 1, electricity resistance, unbreathing,
petrification resistance, rot immunity, AC +3
a: no special abilities


You were on level 2 of the Dungeon.
You were hungry.

You visited 1 branch of the dungeon, and saw 2 of its levels.

You collected 37 gold pieces.

Inventory:

Hand Weapons
 a - a +0 flail (weapon)
Missiles
 i - 8 javelins (quivered)
Armour
 b - a +0 scale mail
 c - a +0 shield (worn)
 p - a +0 chain mail (worn)
Scrolls
 g - a scroll of blinking {unknown}
 j - 3 scrolls of identify {unknown}
 m - a scroll of enchant weapon {unknown}
Potions
 e - 2 potions of lignification {unknown}
 h - 3 potions of curing {unknown}
 k - a potion of magic {unknown}
 l - a potion of cancellation {unknown}
 o - a potion of flight {unknown}
Comestibles
 f - 2 bread rations
 n - 2 meat rations


   Skills:
 + Level 4.0 Fighting
 + Level 2.7 Maces & Flails
 + Level 3.5 Armour
 + Level 0.5 Dodging
 + Level 3.7 Shields


You had 3 spell levels left.
You didn't know any spells.

Dungeon Overview and Level Annotations

Branches:
Dungeon (2/15)

Altars:


Innate Abilities, Weirdness & Mutations

You are resistant to torment.
Your stone body is resilient. (AC +3)
You are immune to poison.
You resist negative energy. (rN+)
You are resistant to electric shocks. (rElec)
You can survive without breathing.
You are immune to petrification.
You are immune to rotting.


Message History

You hit the gnoll.
The gnoll is heavily wounded.
The ooze barely misses you.
The gnoll hits you but does no damage. x3
You block the gnoll's attack. The ooze hits you.
* * * LOW HITPOINT WARNING * * *
The gnoll barely misses you. You block the gnoll's attack.
You sock the gnoll!
You kill the gnoll!
You block the gnoll's attack. The ooze hits you but does no damage.
The gnoll hits you but does no damage.
You bludgeon the hobgoblin!!
You kill the hobgoblin!
Your Fighting skill increases to level 4!
You have reached level 4!
You feel clever. The gnoll completely misses you. The ooze hits you.
* * * LOW HITPOINT WARNING * * *
The gnoll hits you but does no damage. You block the gnoll's attack.
The ooze hits you.
You die...

........ #.......)....#
........ ..###..†.....
........####.##.........
#...#.......##..(......
#..>..................
##....#...#...........#
##.>....)..............#
#.....J.......##........
......g@g.....##........
#.....................##
##............##........
................ .......
.###.##.####...# .... #.
..# #... .... .. .## ..
#. .


You could see 2 gnolls and an ooze.

Vanquished Creatures
  An adder (D:2)
  A gnoll (D:2)
  2 dart slugs
  A leopard gecko (D:2)
  A ball python (D:2)
  2 bats (D:1)
  2 giant cockroaches (D:1)
  5 hobgoblins
  4 jackals (D:1)
  5 kobolds
  2 frilled lizards (D:1)
  3 goblins
  5 rats (D:1)
34 creatures vanquished.

Notes
Turn   | Place    | Note
-------+----------+-------------------------------------------
     0 | D:1      | kaze the Gargoyle Fighter began the quest for the Orb.
     0 | D:1      | Reached XP level 1. HP: 14/14 MP: 1/1
   111 | D:1      | Reached XP level 2. HP: 18/19 MP: 2/2
   318 | D:1      | Reached XP level 3. HP: 24/24 MP: 3/3
  1023 | D:2      | Reached skill level 4 in Fighting
  1023 | D:2      | Reached XP level 4. HP: 3/29 MP: 4/4
  1024 | D:2      | Slain by an ooze

Skill      XL: |  1  2  3 |
---------------+----------+-----
Fighting       | 4 |  4.0
Maces & Flails | |  2.7
Armour         | |  3.5
Dodging        | |  0.5
Shields        | |  3.7

Action                   |  1- 3 |  4- 6 || total
-------------------------+-------+-------++-------
Melee: Flail             |   130 |       ||   130
  Use: Potion            |     1 |       ||     1
Armor: Scale mail        |    54 |       ||    54
       Chain mail        |    13 |     1 ||    14
Dodge: Dodged            |    54 |     1 ||    55
Block: Shield            |    86 |     1 ||    87
